 Dungeon Crawl Stone Soup version 0.32-a0-938-g40ac7a0 (webtiles) character file.

Game seed: 11089147094140132406

2972 Rogue the Skirmisher (level 9, -4/47 HPs)
             Began as a Vine Stalker Hunter on Jan 16, 2024.
             Was a Follower of Okawaru.
             Killed from afar by Erica (13 damage)
             ... with a bolt of poison
             ... on level 8 of the Dungeon on Apr 20, 2024.
             The game lasted 00:42:19 (6315 turns).

Rogue the Skirmisher (Vine Stalker Hunter)          Turns: 6315, Time: 00:42:19

Health: -4/47      AC:  6    Str: 16    XL:     9   Next: 82%
Magic:  0/11       EV:  4    Int:  9    God:    Okawaru [*.....]
Gold:   389        SH:  0    Dex: 20    Spells: 8/8 levels left

rFire   . . .        a - +3 shortbow
rCold   . . .        (shield currently unavailable)
rNeg    + . .        C - +1 steam dragon scales
rPois   .            (helmet currently unavailable)
rElec   .            (cloak currently unavailable)
rCorr   .            (gloves currently unavailable)
SInv    .            v - melded +2 pair of boots
Will    +....        G - amulet of regeneration
Stlth   ++           k - +4 ring of slaying
HPRegen 1.87/turn    i - ring of positive energy
MPRegen 0.12/turn

%: guardian spirit
@: lethally poisoned (-4 -> -17), beast-form, slowed, constricted, very slow
A: beast (slay +0), fangs 3, regeneration 1, magic shield, antimagic bite, no
potion heal 2, horns 1, inability to read after injury 1
a: Begin Untransformation, Renounce Religion, Heroism


You were on level 8 of the Dungeon.
You worshipped Okawaru.
Okawaru was aware of your devotion.
You were a hulking beast.
You visited 2 branches of the dungeon, and saw 9 of its levels.
You also visited: Sewer.

You collected 389 gold pieces.

Inventory:

Hand Weapons
 a - a +3 shortbow (weapon)
 l - a +1 dagger of venom
 s - a +1 heavy quarterstaff
 B - a +2 flail of venom
 E - a +2 whip of flaming
 H - a +0 antimagic battleaxe
 I - a +3 dagger of freezing
 J - a +3 long sword
 M - a +0 vampiric spear
Missiles
 n - 3 javelins
Armour
 c - a +3 leather armour
 v - a +2 pair of boots (melded)
 C - +1 steam dragon scales (worn)
 F - a +2 robe of willpower
 N - a +2 robe of cold resistance
Jewellery
 i - a ring of positive energy (right hand)
 k - a +4 ring of slaying (left hand)
 w - a ring of positive energy
 G - an amulet of regeneration (around neck)
 L - an amulet of magic regeneration
Talismans
 g - a flux talisman
 O - a beast talisman (active)
Wands
 d - a wand of polymorph (14)
 t - a wand of mindburst (4)
 y - a wand of flame (16)
 D - a wand of iceblast (2)
Scrolls
 f - a scroll of amnesia
 h - 2 scrolls of vulnerability
 p - 3 scrolls of teleportation
 x - a scroll of summoning {unknown}
 K - a scroll of poison
Potions
 b - a potion of cancellation
 e - 2 potions of heal wounds
 j - 3 potions of berserk rage
 m - a potion of lignification {unknown}
 o - 2 potions of curing
 q - a potion of mutation
 r - a potion of magic {unknown}
 u - a potion of enlightenment {unknown}
 z - a potion of resistance {unknown}
 A - a potion of attraction {unknown}


   Skills:
 + Level 5.3 Fighting
 + Level 9.4 Ranged Weapons
 + Level 2.5 Armour
 * Level 4.6 Dodging
 + Level 2.4 Stealth
 * Level 2.0 Invocations
 * Level 2.5 Evocations


You had 8 spell levels left.
You didn't know any spells.
Your spell library was empty.

Dungeon Overview and Level Annotations

Branches:
Dungeon (8/15)             Temple (1/1) D:7           Sewer (visited)
   Lair: D:8-11

Altars:
Ashenzari
Cheibriados
Dithmenos
Fedhas
Gozag
Kikubaaqudgha
Makhleb
Nemelex Xobeh
Okawaru
Qazlal
Ru
Sif Muna
Trog
Vehumet
Wu Jian
Yredelemnul
The Shining One

Shops:
D:5 :

Annotations:
D:8 Erica


Innate Abilities, Weirdness & Mutations

You are a hulking beast.
Your limbs bulge with bestial killing power. (Slay +0)
You have razor-sharp teeth.
Your natural rate of healing is unusually fast.
When hurt, damage is shared between your health and your magic reserves.
Your bite disrupts and absorbs the magic of your enemies.
Potions cannot restore your health.
You have a pair of small horns on your head.
You occasionally lose the ability to read scrolls when taking damage.


Message History

Erica is heavily wounded.
You hear a shout!
Erica says, "I'm so much better than you."
Erica hits you with a +4 scimitar of flaming!
Erica burns you. Erica grabs you. Erica constricts you.
Erica hits you but does no damage. Erica constricts you.
Unknown command.
Aiming: Iceblast
Press: ? - help, Shift-Dir - straight line The mass of ice explodes!
The iceblast engulfs Erica!
Erica is severely wounded.
Erica casts a spell at you. You resist with some effort. Erica constricts you.
Unknown command.
Unknown command.
Aiming: Iceblast
Press: ? - help, Shift-Dir - straight line The mass of ice explodes!
The iceblast engulfs Erica!
Erica is severely wounded.
Erica completely misses you. Erica constricts you.
Erica hits you with a +4 scimitar of flaming!
* * * LOW HITPOINT WARNING * * *
Erica burns you.
* * * LOW HITPOINT WARNING * * *
Erica constricts you.
* * * LOW HITPOINT WARNING * * *
Unknown command.
Okay, then.
Fire: a) +3 shortbow
Press: ? - help, Shift-Dir - straight line, f - Erica
Aim: Erica, wielding a +4 scimitar of flaming and wearing an amulet of guardian spirit (severely wounded, constricting you, 66% to hit)
Aiming: Mindburst
Press: ? - help, Shift-Dir - straight line, f - Erica
Aim: Erica, wielding a +4 scimitar of flaming and wearing an amulet of guardian spirit (severely wounded, constricting you, chance to affect: 58%) Erica's mind is blasted!
Erica casts a spell at you. The bolt of poison hits you!
You are lethally poisoned!
You die...
Erica begins burbling mirthfully and uncontrollably.

########.# #........#
###........#
#..........#
#...###...## #...##..###
#+###...+..##
#.##..>....#.##
#......h......##########
#...####x###..#.........
##.# #...ß#.#.########
#. ...#...#...# #
..#....#...# #.#
#?#.#.+.#.# ...
#.#[#.##.#.# #.
...#...#.#.# .#
#....#...# .


You could see Erica.

Vanquished Creatures
  Pikel (D:7)
  A steam dragon (D:6)
  Menkaure (D:4)
  A water moccasin (D:5)
  3 black bears
  2 orc warriors (D:6)
  An ice beast (D:7)
  2 sky beasts (D:7)
  An ogre (D:5)
  A centaur (D:5)
  4 lemures (D:7)
  4 scorpions
  5 wights (D:7)
  A jelly (D:6)
  2 bombardier beetles
  3 hounds
  An orc priest (D:6)
  A sleepcap (D:7)
  2 gnoll boudas
  2 iguanas (D:6)
  An orc wizard (D:3)
  A hell rat (Sewer)
  17 gnolls
  A river rat (Sewer)
  10 adders
  3 shadow imps
  A white imp (D:6)
  2 ufetubi (D:5)
  2 dart slugs (D:1)
  3 ribbon worms
  11 orcs
  6 endoplasms
  5 giant cockroaches
  8 goblins
  8 hobgoblins
  2 jackals (D:5)
  7 quokkas
  5 ball pythons
  2 bats (D:1)
  2 frilled lizards (D:1)
  2 kobolds
  3 rats
141 creatures vanquished.

Notes
Turn   | Place    | Note
-------+----------+-------------------------------------------
     0 | D:1      | Rogue the Vine Stalker Hunter began the quest for the Orb.
     0 | D:1      | Reached XP level 1. HP: 11/11 MP: 2/2
     0 | D:1      | Upgraded the game from 0.32-a0-18-g89e19f1 to
                  | 0.32-a0-30-gefbe487
     0 | D:1      | Upgraded the game from 0.32-a0-30-gefbe487 to
                  | 0.32-a0-938-g40ac7a0
   145 | D:1      | Reached XP level 2. HP: 15/15 MP: 3/3
   151 | D:1      | Reached skill level 4 in Ranged Weapons
   314 | D:1      | Reached XP level 3. HP: 18/18 MP: 4/4
  1000 | D:2      | Reached XP level 4. HP: 23/23 MP: 5/5
  1433 | D:3      | Reached skill level 1 in Armour
  1458 | D:3      | Reached skill level 5 in Ranged Weapons
  1461 | D:3      | Reached XP level 5. HP: 25/27 MP: 4/6
  1746 | D:3      | Found a glowing drain.
  1760 | Sewer    | Entered a sewer
  2208 | D:4      | Noticed Menkaure
  2333 | D:4      | Reached XP level 6. HP: 31/32 MP: 5/7
  2434 | D:4      | Noticed a black bear
  2440 | D:4      | Killed a black bear
  2441 | D:4      | Reached skill level 6 in Ranged Weapons
  3071 | D:4      | Gained mutation: You occasionally lose the ability to read
                  | scrolls when taking damage. [potion of mutation]
  3071 | D:4      | Gained mutation: You have a pair of small horns on your
                  | head. [potion of mutation]
  3080 | D:4      | Killed Menkaure
  3081 | D:4      | Reached XP level 7. HP: 36/36 MP: 8/8
  3111 | D:5      | Entered Level 5 of the Dungeon
  3174 | D:5      | Found a sparkling altar of Nemelex Xobeh.
  3244 | D:5      | Found a glowing golden altar of the Shining One.
  3749 | D:5      | Reached skill level 7 in Ranged Weapons
  3749 | D:5      | Gained mutation: You have razor-sharp teeth. [Vine Stalker
                  | growth]
  3749 | D:5      | Reached XP level 8. HP: 33/42 MP: 9/9
  3780 | D:5      | Found Zyan's Book Emporium.
  4279 | D:6      | Reached skill level 8 in Ranged Weapons
  4538 | D:6      | Reached XP level 9. HP: 31/46 MP: 5/10
  4587 | D:6      | Reached skill level 1 in Evocations
  5244 | D:7      | Found a staircase to the Ecumenical Temple.
  5255 | Temple   | Entered the Ecumenical Temple
  5272 | Temple   | Became a worshipper of Warmaster Okawaru
  5332 | D:7      | Noticed Pikel
  5539 | D:7      | Killed Pikel
  5539 | D:7      | Reached * piety under Okawaru
  5540 | D:7      | Reached skill level 9 in Ranged Weapons
  5540 | D:7      | Reached skill level 1 in Invocations
  5665 | D:7      | Reached skill level 5 in Fighting
  5967 | D:7      | Found a snail-covered altar of Cheibriados.
  6257 | D:8      | Noticed Erica
  6315 | D:8      | Killed from afar by Erica

Illustrated notes

Levels and vault maps discovered:
D:1:      minmay_arrival_five_plusses, layout_basic
D:2:      layout_basic
D:3:      layout_basic, gup_sewer_entry_pipe
D:4:      layout_basic, uniq_menkaure
D:5:      layout_loops_ring, tso_altar, marbit_many_paths, serial_shops, shop,
          minivault_1
D:6:      layout_basic, serial_corexii_hall, corexii_hall_statues_x,
          corexii_hall_statues_deadend, chequers_hall_statues_corner_a,
          corexii_hall_statues_l, supply_closet_lemuel, amethyst_killhole,
          fountainhead, chequers_mini_garden, st_stairs_10
D:7:      layout_gridville, mainiacjoe_overflow_chevrons,
          minmay_temple_entry_poolview, uniq_pikel
D:8:      layout_basic, minmay_overflow_temple_star_hex,
          hellmonk_lair_entry_icy, nrook_pool_corridor, minivault_1, uniq_erica
Temple:   eino_temple_water

Skill      XL: |  1  2  3  4  5  6  7  8  9 |
---------------+----------------------------+-----
Ranged Weapons | 4 5 6 7 8 9 |  9.4
Fighting       | 2 3 4 5 |  5.3
Armour         | 1 2 |  2.5
Dodging        | 2 3 4 |  4.6
Stealth        | 2 |  2.4
Evocations     | 2 |  2.5
Invocations    | 2 |  2.0

Action                     |  1- 3 |  4- 6 |  7- 9 || total
---------------------------+-------+-------+-------++-------
  Melee: Dagger            |     2 |       |       ||     2
         Bite              |     1 |       |       ||     1
   Fire: Shortbow          |    81 |   109 |   237 ||   427
  Evoke: Wand              |       |       |    13 ||    13
    Use: Scroll            |       |    15 |     5 ||    20
         Potion            |       |     6 |       ||     6
 Armour: Leather armour    |    11 |    23 |    39 ||    73
         Steam dragon scal |       |       |    32 ||    32
  Dodge: Dodged            |     6 |    23 |    49 ||    78
         Form:             |       |     1 |       ||     1
         Flux              |       |     1 |       ||     1
         Beast             |       |       |     1 ||     1

Table legend: (Time is in decaauts)
 A = Elapsed time spent in this place.
 B = Non-inter-level travel time spent in this place.
 C = Inter-level travel time spent in this place.
 D = Time resting spent in this place.
 E = Time spent auto-exploring this place.
 F = Levels seen in this place.
 G = Mean time per level.
                   A        B        C        D        E       F      G
               +--------+--------+--------+--------+--------+-----+--------+
         Total |   6357 |   5812 |    545 |     27 |   4683 |  10 |  635.7 |
       Dungeon |   6155 |   5642 |    513 |     27 |   4582 |   8 |  769.4 |
        Temple |     34 |      2 |     32 |      0 |      0 |   1 |   34.0 |
         Sewer |    167 |    167 |      0 |      0 |    101 |   1 |  167.0 |
               +--------+--------+--------+--------+--------+-----+--------+

Top non-repeatable levels by time:
     D:6: 1308 daAuts
     D:2: 932 daAuts
     D:7: 930 daAuts
     D:4: 873 daAuts
     D:5: 814 daAuts
     D:3: 701 daAuts
     D:1: 470 daAuts
   Sewer: 167 daAuts
     D:8: 124 daAuts
  Temple: 34 daAuts
